Map: Frost LE

Players

Ape

  • Race: Protoss Protoss
  • League: Platinum

BuZzY - Winner!

  • Race: Zerg Zerg
  • League: Diamond

VOD

Have the link to the VOD?

Description

Time

  • Played on: July 23, 2016, 11:29 a.m.
  • Length: 10:31
Show
View Real Time Build Order
Export as new Build Order

Ape Protoss 

Build Orders: 1 Gate Expand, Double Forge 

Get SALT Encoding   

  12  0:01  Probe (Chrono Boost)  
  13  0:13  Probe (Chrono Boost)  
  14  0:19  Pylon  
  14  0:23  Probe (Chrono Boost)  
  15  0:38  Gateway  
  15  0:42  Probe (Chrono Boost)  
  16  0:47  Assimilator  
  16  0:52  Probe (Chrono Boost)  
  17  1:03  Probe (Chrono Boost)  
  18  1:13  Probe (Chrono Boost)  
  19  1:28  Nexus  
  19  1:40  Cybernetics Core  
  19  1:48  Pylon  
  19  1:54  Zealot  
  19  1:58  Probe (Chrono Boost)  
  22  2:04  Warp Gate  
  22  2:06  Assimilator  
  23  2:08  Probe (Chrono Boost)  
  23  2:21  Adept  
  25  2:29  Probe (Chrono Boost)  
  26  2:38  Pylon  
  26  2:41  Probe (Chrono Boost)  
  26  2:42  Probe (Chrono Boost)  
  28  2:45  Adept  
  30  2:56  Gateway  
  30  3:00  Probe (Chrono Boost)  
  30  3:02  Probe (Chrono Boost)  
  32  3:15  Mothership Core (Chrono Boost)  
  32  3:16  Probe (Chrono Boost)  
  37  3:27  Sentry  
  37  3:30  Probe (Chrono Boost)  
  38  3:34  Gateway  
  38  3:36  Forge  
  33  3:48  Stalker  
  41  4:03  Probe (Chrono Boost)  
  41  4:04  Probe (Chrono Boost)  
  38  4:12  Protoss Ground Weapons Level 1  
  38  4:16  Twilight Council, Probe (Chrono Boost)  
  39  4:19  Pylon  
  39  4:21  Gateway  
  39  4:28  Gateway  
  39  4:33  Sentry  
  39  4:37  Probe (Chrono Boost)  
  39  4:38  Probe (Chrono Boost)  
  43  4:40  Assimilator  
  43  4:42  Assimilator  
  43  4:47  Probe (Chrono Boost)  
  43  4:48  Probe (Chrono Boost)  
  43  4:52  Forge  
  45  4:53  Blink  
  45  4:57  Sentry  
  45  4:58  Probe (Chrono Boost)  
  49  5:00  Probe (Chrono Boost)  
  49  5:09  Probe (Chrono Boost)  
  49  5:10  Probe (Chrono Boost)  
  51  5:18  Stalker x2  
  55  5:24  Adept x2  
  59  5:30  Protoss Shields Level 1  
  59  5:33  Probe (Chrono Boost)  
  60  5:59  Stalker  
  62  6:06  Protoss Ground Armor Level 1  
  62  6:07  Pylon  
  62  6:10  Pylon  
  62  6:11  Nexus  
  62  6:14  Pylon  
  62  6:16  Pylon  
  62  6:18  Pylon  
  62  6:28  Probe x2 (Chrono Boost)  
  64  6:39  Probe x2 (Chrono Boost), Adept x4  
  74  6:50  Robotics Facility  
  74  6:55  Robotics Facility  
  74  6:57  Probe (Chrono Boost)  
  74  6:58  Probe (Chrono Boost)  
  76  7:01  Stalker  
  76  7:05  Charge  
  78  7:20  Probe x2 (Chrono Boost)  
  80  7:30  Probe x2 (Chrono Boost)  
  68  7:53  Immortal  
  68  7:54  Immortal  
  68  7:56  Stalker x5  
  72  8:04  Probe (Chrono Boost)  
  72  8:05  Probe x2 (Chrono Boost)  
  83  8:12  Protoss Ground Weapons Level 2, Protoss Ground Armor Level 2  
  83  8:23  Pylon  
  83  8:26  Gateway  
  83  8:29  Gateway  
  83  8:30  Immortal, Gateway  
  83  8:31  Probe (Chrono Boost)  
  83  8:32  Probe (Chrono Boost), Assimilator  
  85  8:34  Assimilator  
  85  8:43  Zealot x3  
  91  8:48  Stalker  
  91  8:49  Stalker  
  95  8:56  Probe (Chrono Boost)  
  95  8:57  Probe (Chrono Boost)  
  95  8:58  Probe (Chrono Boost)  
  95  9:00  Immortal  
  96  9:10  Probe x2 (Chrono Boost)  
  96  9:12  Immortal  
  96  9:30  Stalker x5  
  100  9:34  Immortal  
  68  10:10  Zealot x4  
  68  10:11  Zealot  
Show
View Real Time Build Order
Export as new Build Order

BuZzY Zerg - Winner!

Build Orders: Hatch First, Lurkers 

Get SALT Encoding   

  12  0:01  Drone  
  13  0:13  Overlord  
  13  0:17  Drone  
  14  0:31  Drone x2  
  14  0:35  Drone  
  17  0:52  Hatchery  
  17  0:56  Drone  
  17  1:00  Drone  
  17  1:03  Extractor  
  17  1:07  Drone  
  18  1:19  Spawning Pool  
  18  1:22  Drone  
  18  1:29  Drone  
  19  1:39  Overlord  
  19  1:50  Drone  
  20  2:01  Drone  
  21  2:05  Metabolic Boost  
  21  2:06  Queen  
  23  2:09  Queen  
  23  2:13  Zergling x2  
  23  2:15  Zergling x2  
  27  2:19  Drone  
  27  2:22  Drone  
  29  2:27  Drone  
  30  2:35  Overlord  
  30  2:45  Pneumatized Carapace  
  30  2:46  Queen  
  30  2:49  Drone  
  30  2:51  Drone  
  34  2:53  Drone  
  34  2:55  Drone  
  36  2:59  Drone  
  37  3:15  Drone  
  37  3:19  Overlord  
  38  3:22  Drone, Hatchery  
  38  3:26  Drone  
  39  3:31  Drone x3  
  39  3:32  Drone  
  43  3:34  Drone  
  44  3:46  Drone x3  
  45  3:56  Drone x3, Zergling x4  
  45  3:57  Zergling x2  
  47  4:05  Zergling x2  
  45  4:16  Lair  
  45  4:17  Roach Warren  
  45  4:18  Drone  
  45  4:29  Drone  
  45  4:30  Drone x5  
  51  4:31  Drone  
  51  4:37  Queen  
  54  4:43  Drone x2, Extractor  
  55  4:50  Evolution Chamber  
  55  4:51  Evolution Chamber  
  53  4:55  Extractor  
  52  5:00  Drone x5  
  52  5:01  Drone  
  52  5:03  Overlord  
  58  5:28  Drone x2  
  60  5:29  Overlord  
  60  5:32  Zerg Ground Armor Level 1, Zerg Missile Weapons Level 1  
  60  5:34  Glial Reconstitution  
  60  5:36  Roach x2, Hydralisk Den  
  60  5:38  Drone x3  
  60  5:41  Overlord  
  66  5:47  Drone x4, Extractor  
  66  5:48  Drone  
  70  5:54  Roach  
  70  5:55  Roach  
  74  5:57  Overlord  
  74  6:09  Overlord x2  
  74  6:12  Lurker Den  
  74  6:16  Roach x4  
  82  6:22  Overlord  
  82  6:23  Overlord x2  
  82  6:30  Roach  
  82  6:31  Roach x3  
  90  6:42  Overseer  
  90  6:51  Drone x2  
  90  6:52  Drone  
  93  6:55  Drone x2  
  93  6:56  Drone x8  
  93  7:00  Extractor  
  102  7:02  Extractor  
  101  7:09  Drone  
  101  7:10  Hatchery  
  101  7:15  Drone  
  102  7:16  Overseer  
  102  7:25  Roach x6  
  102  7:26  Overlord x3  
  102  7:27  Overlord  
  106  7:47  Overlord x3  
  106  7:48  Overlord  
  106  8:05  Hydralisk  
  106  8:06  Hydralisk x9  
  106  8:11  Hydralisk x2  
  106  8:12  Hydralisk x2  
  134  8:16  Muscular Augments  
  134  8:26  Queen  
  136  8:27  Hydralisk x2  
  140  8:39  Lurker  
  140  8:40  Lurker x3  
  144  8:43  Lurker x2  
  144  8:45  Zergling x2  
  144  8:46  Zergling x20  
  157  8:55  Hydralisk x3  
  157  8:58  Lurker  
  149  9:22  Lurker x3  
  149  9:23  Lurker  
  153  9:24  Zergling x2  
  153  9:25  Zergling x34  
  161  9:44  Hydralisk x5  
  161  9:45  Hydralisk x2  
  148  10:01  Hydralisk x5  
Tags
 
Add a new tag
Caveats
  • Supply blocks, unpowered buildings, or Contaminate may cause inaccurate times.
  • Supply counts are checked every 10 seconds.